 Dungeon Crawl Stone Soup version 0.22-a0-368-g870eee8 (webtiles) character file.

74236 dstrtnsr the Spry (level 15, -2/84 HPs)
             Began as a Deep Elf Gladiator on Apr 22, 2018.
             Was a High Priest of Vehumet.
             Slain by a starspawn tentacle (3 damage)
             ... attached to a tentacled starspawn
             ... on level 2 of the Abyss on Apr 23, 2018.
             The game lasted 02:39:02 (13276 turns).

dstrtnsr the Spry (Deep Elf Gladiator)             Turns: 13276, Time: 02:39:03

Health: -2/84      AC: 12    Str: 13      XL:     15   Next: 6%
Magic:  16/35      EV: 21    Int: 23 (26) God:    Vehumet [*****.]
Gold:   479        SH:  0    Dex: 16      Spells: 3/43 levels left

rFire    + + .     SeeInvis .   G - +3 Elemental Staff {rElec rF++ rC++ MR++ AC+5}
rCold    + + .     Gourm    .   (no shield)
rNeg     . . .     Faith    .   W - +2 robe of Gieheha {rC+ Int+6 Slay+2}
rPois    +         Spirit   .   g - +0 helmet
rElec    +         Reflect  .   q - scarf {cloud immunity}
rCorr    +         Harm     .   o - +0 pair of gloves
MR       +++..                  O - +0 pair of boots
Stlth    +++.......             (no amulet)
HPRegen  0.24/turn              z - ring of wizardry
MPRegen  0.24/turn              j - ring "Oxoobaiwn" {rCorr rPois rC- Str+2}

@: constricted
A: no striking features
a: Renounce Religion


You were on level 2 of the Abyss.
You worshipped Vehumet.
Vehumet was extremely pleased with you.
You were not hungry.

You visited 7 branches of the dungeon, and saw 22 of its levels.
You visited the Abyss 1 time.

You collected 3977 gold pieces.
You spent 3498 gold pieces at shops.

Inventory:

Hand Weapons
 G - the +3 Elemental Staff (weapon) {rElec rF++ rC++ MR++ AC+5}
   (You bought it in a shop on level 2 of the Orcish Mines)

   It affects your AC (+5).
   It greatly protects you from fire.
   It greatly protects you from cold.
   It insulates you from electricity.
   It affects your resistance to hostile enchantments.
Missiles
 a - a tomahawk (quivered)
 p - a bolt
 w - 16 sling bullets
 y - 18 arrows
 A - 68 stones
Armour
 g - a +0 helmet (worn)
 k - a +0 cloak
 n - a scarf of spirit shield
 o - a +0 pair of gloves (worn)
 q - a scarf of cloud immunity (worn)
 D - a +1 robe of magic resistance
 O - a +0 pair of boots (worn)
 S - a +0 shield
 W - the +2 robe of Gieheha (worn) {rC+ Int+6 Slay+2}
   (You found it on level 5 of the Lair of Beasts)

   It affects your intelligence (+6).
   It affects your accuracy and damage with ranged weapons and melee attacks
   (+2).
   It protects you from cold.
Jewellery
 f - an uncursed ring of protection from fire
 j - the ring "Oxoobaiwn" (right hand) {rCorr rPois rC- Str+2}
   (You bought it in a shop on level 2 of the Orcish Mines)

   [ring of resist corrosion]

   It affects your strength (+2).
   It makes you vulnerable to cold.
   It protects you from poison.
 m - an uncursed ring of protection from magic
 v - a +3 ring of slaying
 z - a ring of wizardry (left hand)
 E - an uncursed ring of flight
 R - an uncursed ring of protection from magic
Wands
 F - a wand of flame (36)
 M - a wand of polymorph (11)
 P - a wand of paralysis (7)
Scrolls
 b - a scroll of fog
 l - 2 scrolls of magic mapping
 r - 2 scrolls of fear
 t - 2 scrolls of identify {@r1}
 u - a scroll of immolation {!r}
 x - a scroll of amnesia
 B - 5 scrolls of remove curse {@r2}
 H - a scroll of vulnerability {!r}
 J - a scroll of torment {!r}
 V - 3 scrolls of enchant armour
Potions
 c - a potion of lignification {!q}
 h - a potion of ambrosia {!q}
 s - a potion of brilliance
 C - a potion of mutation {!q}
 I - 3 potions of curing {@q1}
 L - 2 potions of flight
Miscellaneous
 i - a fan of gales
Comestibles
 e - 10 rations {!d}


   Skills:
 - Level 6.0 Fighting
 - Level 5.0 Staves
 - Level 2.0 Throwing
 - Level 15.1 Dodging
 - Level 5.1 Stealth
 + Level 3.1 Shields
 - Level 14.5 Spellcasting
 - Level 12.0 Conjurations
 - Level 1.0 Charms
 - Level 4.1 Summonings
 - Level 4.0 Necromancy
 - Level 8.2 Fire Magic
 - Level 4.0 Air Magic
 - Level 9.0 Earth Magic
 - Level 8.3 Evocations


You had 3 spell levels left.
You knew the following spells:

 Your Spells              Type           Power        Failure   Level  Hunger
a - Borgnjor's Vile Clut  Necr/Erth      #####.....   2%          5    ###....
c - Conjure Flame         Conj/Fire      ######..     1%          3    None
f - Fireball              Conj/Fire      ######....   1%          5    ###....
k - Animate Skeleton      Necr           N/A          1%          1    None
l - Blink                 Tloc           N/A          2%          2    None
n - Animate Dead          Necr           N/A          2%          4    None
q - Orb of Destruction    Conj           ######....   2%          7    ######.
r - Regeneration          Chrm/Necr      ####......   1%          3    None
s - Sticky Flame          Conj/Fire      ######..     1%          4    None
t - Throw Flame           Conj/Fire      ######       1%          2    None
x - Summon Lightning Spi  Summ/Air       #####...     2%          4    None


Dungeon Overview and Level Annotations

Branches:
Dungeon (9/15)             Temple (1/1) D:6            Lair (6/6) D:8
  Swamp (2/4) Lair:2        Snake (1/4) Lair:2        Slime (0/5) Lair:6
    Orc (2/2) D:9             Elf (1/3) Orc:2

Altars:
Ashenzari
Cheibriados
Dithmenos
Elyvilon
Fedhas
Gozag
Hepliaklqana
Kikubaaqudgha
Makhleb
Nemelex Xobeh
Okawaru
Qazlal
Ru
Sif Muna
Trog
Uskayaw
Vehumet
Wu Jian
Xom
Yredelemnul
Zin
The Shining One
Beogh

Shops:
D:4 :   Orc:1 (   Orc:2 (=?**:[:(

Annotations:
D:9 exclusion: oklob sapling


Message History

Decaying hands burst forth from the earth!
Zombie hands grab the salamander.
Zombie hands grab the thrashing horror.
The zombie hands constrict the thrashing horror.
The zombie hands constrict the salamander!
The thrashing horror tramples you but does no damage. x2
The thrashing horror struggles to escape constriction.
The salamander escapes!
The thrashing horror struggles to escape constriction.
Unknown command.
Unknown command.
Unknown command.
Unknown command.
You completely miss the thrashing horror.
The thrashing horror is lightly damaged.
The zombie hands constrict the thrashing horror.
The thrashing horror misses you.
The thrashing horror tramples you but does no damage.
The thrashing horror struggles to escape constriction.
The salamander completely misses you.
Unknown command.
You hit the thrashing horror. You freeze the thrashing horror.
The thrashing horror is moderately damaged.
The zombie hands constrict the thrashing horror.
The thrashing horror tramples you but does no damage.
The thrashing horror closely misses you.
The thrashing horror escapes!
The salamander misses you.
Unknown command.
You barely miss the thrashing horror.
The thrashing horror is heavily damaged.
The thrashing horror misses you. The thrashing horror barely misses you.
The salamander barely misses you.
Unknown command.
Casting: Borgnjor's Vile Clutch (safe; 2% risk of failure)
Confirm with . or Enter, or press ? or * to list all spells.
Aiming: Borgnjor's Vile Clutch (safe; 2% risk of failure)
Press: ? - help, Dir - move target cursor, f - you Decaying hands burst forth from the earth!
Zombie hands grab the large abomination.
Zombie hands grab the salamander.
Zombie hands grab the thrashing horror.
The zombie hands constrict the thrashing horror.
The zombie hands constrict the large abomination, but do no damage.
The zombie hands constrict the salamander.
The thrashing horror misses you. x2
The thrashing horror struggles to escape constriction.
The large abomination misses you.
The salamander hits you but does no damage.
Unknown command.
Unknown command.
Unknown command.
Unknown command.
You hit the thrashing horror. You burn the thrashing horror.
The thrashing horror is severely damaged.
The zombie hands constrict the thrashing horror!
You destroy the thrashing horror!
Vehumet accepts your kill.
You feel your power returning.
The zombie hands constrict the large abomination.
The zombie hands constrict the salamander!
The large abomination hits you!! The salamander closely misses you.
Tentacles burst from the starspawn's body! 2 starspawn tentacles come into view.
Huge Dmg: -38%(-32hp) hp: 62%(52hp)
You hit the large abomination but do no damage.
The large abomination is heavily damaged.
The zombie hands constrict the large abomination.
The zombie hands constrict the salamander!
The salamander hits you but does no damage.
The large abomination closely misses you.
The starspawn tentacle barely misses you.
The tentacled starspawn bites you!!
* * * LOW HITPOINT WARNING * * *
The tentacled starspawn engulfs you!
* * * LOW HITPOINT WARNING * * *
A worldbinder comes into view.
Huge Dmg: -38%(-32hp) hp: 24%(20hp)
The zombie hands constrict the large abomination.
The zombie hands constrict the salamander.
You kill the salamander!
Vehumet accepts your kill.
Your Shields skill increases to level 3!
The starspawn tentacle grabs you. The starspawn tentacle constricts you.
Unknown command.
You escape the starspawn tentacle's grasp.
The zombie hands constrict the large abomination!
The zombie hands release their grip on the large abomination.
The large abomination hits you!!
* * * LOW HITPOINT WARNING * * *
Huge Dmg: -22%(-19hp) hp: 2%(1hp) Unknown command.
Okay, then.
Unknown command.
Okay, then.
The starspawn tentacle grabs you.
* * * LOW HITPOINT WARNING * * *
The starspawn tentacle constricts you.
The large abomination closely misses you.
Unknown command.
The starspawn tentacle's grasp on you weakens, but your attempt to escape fails.
You die...

##..## . #..# .─..
#..##..##.###...#
........ ...#.....
..
.................
..##.. #..........
..##..##..........
.........#.....#
........###...##
.##. ##@w#..(..#.
##..##.X>.......
.......wX........
........D........
.##..##.x#.....#.
#.. #.###...## ...
... ....# ... ....
...... .## x##..
.....


You could see a bone dragon, a tentacled starspawn, a large abomination, a
worldbinder and 2 starspawn tentacles.

Vanquished Creatures
  Nikola (Snake:1)
  Frances (Swamp:1)
  A tentacled starspawn (Abyss:2)
  A deep elf elementalist (Elf:1)
  The ghost of Nib the Spear-Bearer, a journeyman OpFi of Gozag (Lair:6)
  Josephine (Swamp:1)
  A fire dragon (Lair:6)
  A catoblepas (Lair:6)
  3 hydras
  2 anacondas (Snake:1)
  A two-headed ogre (D:8)
  2 alligators (Swamp:1)
  2 dancing weapons (Elf:1)
  2 orc high priests (Orc:2)
  A thrashing horror (Abyss:2)
  A naga sharpshooter (Snake:1)
  Sonja (Orc:2)
  A deep elf knight (Elf:1)
  3 orc knights (Orc:2)
  A lindwurm (Lair:6)
  A mana viper (Lair:2)
  8 deep elf magi (Elf:1)
  A manticore (Lair:6)
  A salamander (shapeshifter) (Abyss:2)
  5 orc sorcerers
  Maurice (D:8)
  A guardian serpent (Lair:2)
  6 elephants
  8 black mambas
  2 molten gargoyles (Lair:6)
  5 spiny frogs
  A large abomination (Abyss:2)
  12 komodo dragons
  3 rime drakes
  A troll (shapeshifter) (Abyss:2)
  A polar bear (Lair:4)
  A queen bee (D:9)
  3 trolls
  3 hornets (Swamp:1)
  4 raiju (Abyss:2)
  2 dream sheep (Lair:6)
  8 blink frogs
  8 hippogriffs
  3 bog bodies (Swamp:1)
  A ynoxinul (Abyss:2)
  3 spriggans (Swamp:1)
  2 wraiths (Swamp:1)
  8 wyverns
  18 yaks
  6 basilisks (Lair:6)
  A neqoxec (Abyss:2)
  A chaos spawn (Abyss:2)
  2 steam dragons (Lair:6)
  7 vampire mosquitoes (Swamp:1)
  2 wargs (Orc:2)
  8 insubstantial wisps (Swamp:1)
  10 swamp worms
  A naga (Snake:1)
  6 water moccasins
  3 porcupines
  A black bear (D:6)
  4 hell hounds (Lair:6)
  2 sky beasts (D:9)
  An ice beast (D:7)
  15 orc warriors
  7 ogres
  5 wolves
  2 centaurs
  6 crocodiles
  4 bullfrogs
  2 scorpions
  11 killer bees (D:9)
  2 howler monkeys
  10 wights
  2 crimson imps
  A quasit (Abyss:2)
  2 lava snakes (Lair:6)
  3 hounds
  A bullfrog skeleton (D:4)
  A centaur skeleton (D:4)
  2 orc priests
  11 orc wizards
  An iguana (D:6)
  3 worker ants
  2 killer bee zombies
  A hound skeleton (D:7)
  2 howler monkey zombies
  A worker ant zombie (D:5)
  9 adders
  2 shadow imps
  2 adder skeletons
  2 dart slugs
  A leopard gecko (D:9)
  28 orcs
  2 ball pythons
  4 giant cockroaches
  3 goblins (D:1)
  2 hobgoblins
  2 jackals (D:9)
  2 kobolds
  3 quokkas
  4 bats
  A leopard gecko zombie (D:5)
  3 rats
  4 fungi
375 creatures vanquished.

Vanquished Creatures (collateral kills)
  An orc warlord (Orc:2)
  A very ugly thing (Swamp:1)
  2 hydras
  A naga warrior (Snake:1)
  A two-headed ogre (Orc:2)
  A swamp dragon (Swamp:1)
  A deep elf archer (Elf:1)
  An orc knight (Orc:2)
  A mana viper (Snake:1)
  A deep elf mage (Elf:1)
  7 elephants
  6 spiny frogs
  A black mamba (Snake:1)
  3 rime drakes
  5 komodo dragons
  A troll (Orc:2)
  5 hippogriffs
  3 dream sheep
  7 blink frogs
  3 wraiths (Swamp:1)
  A wyvern (Lair:6)
  A hog (Swamp:1)
  14 yaks
  3 basilisks
  4 vampire mosquitoes (Swamp:1)
  2 steam dragons
  3 swamp worms
  5 water moccasins
  4 nagas (Snake:1)
  2 hell hounds (Lair:6)
  3 porcupines
  A phantom (D:8)
  9 orc warriors
  5 wolves
  6 crocodiles
  A bullfrog (Lair:5)
  2 killer bees (D:9)
  An electric eel (Lair:2)
  A lava snake (Lair:6)
  A hound (D:9)
  2 orc priests (Orc:2)
  An adder (Snake:1)
  A shadow imp (D:9)
  5 orcs
  2 fungi
132 creatures vanquished.

Vanquished Creatures (others)
  A naga warrior (Snake:1)
  A yak (Lair:6)
  A wyvern (Lair:6)
  An orc (Orc:2)
  15 fungi
  6 plants
  6 starspawn tentacles (Abyss:2)
31 creatures vanquished.

Grand Total: 538 creatures vanquished

Notes
Turn   | Place    | Note
-------+----------+-------------------------------------------
     0 | D:1      | dstrtnsr the Deep Elf Gladiator began the quest for the Orb.
     0 | D:1      | Reached XP level 1. HP: 12/12 MP: 3/3
    49 | D:1      | Reached skill level 1 in Stealth
   152 | D:2      | Found a snail-covered altar of Cheibriados.
   213 | D:2      | Found a hide-covered altar of Uskayaw.
   281 | D:1      | Reached XP level 2. HP: 17/17 MP: 4/4
   479 | D:3      | Found a deep blue altar of Sif Muna.
   485 | D:3      | Reached XP level 3. HP: 21/21 MP: 3/5
   637 | D:4      | Found a stormy altar of Qazlal.
   684 | D:4      | Reached skill level 1 in Evocations
   684 | D:4      | Reached XP level 4. HP: 20/26 MP: 4/6
   694 | D:4      | HP: 8/26 [centaur skeleton (4)]
   735 | D:4      | Found Lacryaro's Book Boutique.
   766 | D:3      | HP: 9/26 [rat (2)]
   959 | D:4      | HP: 9/26 [hound (2)]
   960 | D:4      | Reached XP level 5. HP: 9/30 MP: 0/8
   973 | D:4      | Noticed an ogre
   975 | D:4      | Killed an ogre
   975 | D:4      | Reached skill level 5 in Stealth
  1017 | D:5      | Entered Level 5 of the Dungeon
  1168 | D:4      | Reached XP level 6. HP: 28/35 MP: 6/10
  1244 | D:5      | Learned a level 3 spell: Conjure Flame
  1447 | D:6      | Found a white marble altar of Elyvilon.
  1459 | D:6      | Reached skill level 1 in Spellcasting
  1459 | D:6      | Reached skill level 1 in Conjurations
  1459 | D:6      | Reached skill level 1 in Fire Magic
  1472 | D:6      | Became a worshipper of Elyvilon the Healer
  1474 | D:6      | Found a staircase to the Ecumenical Temple.
  1484 | Temple   | Entered the Ecumenical Temple
  1671 | D:6      | Got a transparent robe
  1688 | D:6      | Identified the +2 robe "Plog" {rC+ Str+4 Dex+4} (You found it on level 6 of the Dungeon)
  1690 | D:6      | Reached * piety under Elyvilon
  1700 | D:6      | Learned a level 4 spell: Sticky Flame
  1792 | D:6      | Reached XP level 7. HP: 29/40 MP: 11/11
  1907 | D:6      | Found a glowing silver altar of Zin.
  1908 | D:6      | Noticed an angel
  2124 | D:5      | Found a sparkling altar of Nemelex Xobeh.
  2211 | D:6      | Found a hazy altar of Hepliaklqana.
  2252 | D:7      | Found a blossoming altar of Fedhas.
  2263 | D:7      | Reached skill level 5 in Staves
  2403 | D:7      | Reached XP level 8. HP: 33/44 MP: 13/13
  2435 | D:7      | Reached ** piety under Elyvilon
  2863 | D:8      | Learned a level 2 spell: Throw Flame
  2880 | D:8      | Noticed a two-headed ogre
  2885 | D:8      | Killed a two-headed ogre
  2885 | D:8      | Reached skill level 5 in Spellcasting
  2885 | D:8      | Reached skill level 5 in Conjurations
  2885 | D:8      | Reached skill level 5 in Fire Magic
  2885 | D:8      | Reached skill level 5 in Evocations
  2938 | D:8      | Reached XP level 9. HP: 30/48 MP: 9/19
  2951 | D:8      | HP: 18/48 [wight/spear (5)]
  2957 | D:8      | HP: 16/48 [poisoned by an adder]
  2965 | D:8      | HP: 15/48 [poisoned by an adder]
  3292 | D:9      | Noticed a troll
  3307 | D:9      | Killed a troll
  3307 | D:9      | Reached skill level 4 in Dodging
  3475 | D:9      | Found an opulent altar of Gozag.
  3488 | D:9      | Learned a level 4 spell: Summon Lightning Spire
  3492 | D:9      | Learned a level 3 spell: Call Canine Familiar
  3558 | D:9      | Reached skill level 1 in Summonings
  3579 | D:9      | Found a blossoming altar of Fedhas.
  3647 | D:9      | Reached skill level 1 in Air Magic
  3654 | D:9      | Reached *** piety under Elyvilon
  3676 | D:9      | Found a radiant altar of Vehumet.
  3687 | D:9      | Fell from the grace of Elyvilon
  3687 | D:9      | Became a worshipper of Vehumet
  3697 | D:9      | Noticed a troll
  3706 | D:9      | Killed a troll
  3728 | D:9      | Noticed a queen bee
  3735 | D:9      | Killed a queen bee
  3735 | D:9      | HP: 20/51 [poisoned by a killer bee]
  3735 | D:9      | HP: 8/51 [killer bee (12)]
  3742 | D:9      | HP: 11/76 [poisoned by a killer bee]
  3749 | D:9      | HP: 10/76 [poisoned by a killer bee]
  3755 | D:9      | Reached XP level 10. HP: 7/56 MP: 1/22
  3757 | D:9      | HP: 7/56 [poisoned by a killer bee]
  3781 | D:9      | Learned a level 3 spell: Regeneration
  3917 | D:9      | Learned a level 1 spell: Animate Skeleton
  3947 | D:9      | Found a staircase to the Orcish Mines.
  4052 | D:8      | Noticed Maurice
  4061 | D:8      | Killed Maurice
  4061 | D:8      | Reached skill level 1 in Charms
  4171 | D:8      | Reached skill level 1 in Necromancy
  4256 | D:8      | Found a staircase to the Lair.
  4319 | D:8      | HP: 18/56 [crocodile (16)]
  4324 | D:8      | Reached * piety under Vehumet
  4324 | D:8      | Offered knowledge of Sting by Vehumet.
  4379 | Lair:1   | Entered Level 1 of the Lair of Beasts
  4446 | Lair:1   | Learned a level 4 spell: Animate Dead
  4536 | Lair:1   | HP: 21/56 [yak (17)]
  4537 | Lair:1   | HP: 9/56 [yak (12)]
  4586 | Lair:1   | HP: 15/56 [yak (15)]
  4627 | Lair:1   | Noticed a spiny frog
  4635 | Lair:1   | Killed a spiny frog
  4719 | Lair:1   | Learned a level 5 spell: Fireball
  4869 | Lair:2   | Noticed a spiny frog
  4879 | Lair:2   | Killed a spiny frog
  5002 | Lair:2   | Noticed a black mamba
  5006 | Lair:2   | Killed a black mamba
  5006 | Lair:2   | Reached skill level 10 in Spellcasting
  5036 | Lair:2   | Noticed a guardian serpent
  5238 | Lair:2   | Offered knowledge of Searing Ray by Vehumet.
  5238 | Lair:2   | Reached XP level 11. HP: 38/61 MP: 7/27
  5292 | Lair:2   | Reached ** piety under Vehumet
  5509 | Lair:2   | Noticed a four-headed hydra
  5540 | Lair:2   | HP: 19/61 [elephant (14)]
  5555 | Lair:2   | Killed a four-headed hydra
  5555 | Lair:2   | HP: 15/61 [swamp worm/harpoon shot (7)]
  5669 | Lair:2   | Found a staircase to the Swamp.
  5756 | Lair:2   | Found a staircase to the Snake Pit.
  5866 | Lair:3   | HP: 9/61 [blink frog (19)]
  6019 | Lair:3   | Offered knowledge of Dazzling Spray by Vehumet.
  6055 | Lair:3   | Reached skill level 5 in Dodging
  6100 | Lair:3   | HP: 15/61 [blink frog (16)]
  6105 | Lair:3   | Reached skill level 6 in Dodging
  6134 | Lair:3   | HP: 23/61 [blink frog (6)]
  6186 | Lair:3   | Reached *** piety under Vehumet
  6186 | Lair:3   | Reached skill level 7 in Dodging
  6485 | Lair:4   | Reached skill level 8 in Dodging
  6568 | Lair:4   | Offered knowledge of Airstrike by Vehumet.
  6669 | Lair:4   | Reached XP level 12. HP: 58/66 MP: 5/29
  6675 | Lair:4   | Reached skill level 9 in Dodging
  6940 | Lair:4   | Learned a level 7 spell: Orb of Destruction
  7093 | Lair:5   | Reached **** piety under Vehumet
  7113 | Lair:5   | Reached skill level 10 in Dodging
  7161 | Lair:5   | Got a silken robe
  7172 | Lair:5   | Identified the +2 robe of Gieheha {rC+ Int+6 Slay+2} (You found it on level 5 of the Lair of Beasts)
  7231 | Lair:5   | Offered knowledge of Static Discharge by Vehumet.
  7239 | Lair:5   | Reached skill level 10 in Conjurations
  7303 | Lair:5   | Noticed a seven-headed hydra
  7308 | Lair:5   | Killed a seven-headed hydra
  7461 | Lair:6   | Entered Level 6 of the Lair of Beasts
  7468 | Lair:6   | Noticed a catoblepas
  7647 | Lair:6   | Killed a catoblepas
  7737 | Lair:6   | Reached skill level 11 in Dodging
  7772 | Lair:6   | Noticed Nib's ghost (journeyman OpFi)
  7781 | Lair:6   | Noticed a four-headed hydra
  7784 | Lair:6   | Killed a four-headed hydra
  7785 | Lair:6   | HP: 24/66 [hell hound/blast of flame (15)]
  7843 | Lair:6   | Learned a level 2 spell: Blink
  7935 | Lair:6   | HP: 22/66 [hippogriff (5)]
  8024 | Lair:6   | Reached ***** piety under Vehumet
  8029 | Lair:6   | Noticed an eight-headed hydra
  8069 | Lair:6   | Killed an eight-headed hydra
  8069 | Lair:6   | Reached XP level 13. HP: 53/70 MP: 5/31
  8125 | Lair:6   | Reached skill level 12 in Dodging
  8161 | Lair:6   | Offered knowledge of Bolt of Cold by Vehumet.
  8417 | Lair:6   | Killed Nib's ghost
  8417 | Lair:6   | Reached skill level 13 in Dodging
  8514 | Lair:6   | Found a staircase to the Slime Pits.
  8594 | Lair:6   | Found a large runed door.
  8766 | Lair:6   | Reached skill level 14 in Dodging
  9089 | Lair:6   | Found a large runed door.
  9137 | Lair:6   | Noticed a fire dragon
  9158 | Lair:6   | Killed a fire dragon
  9160 | Lair:6   | HP: 22/70 [lava snake/glob of lava (8)]
  9477 | Orc:1    | Entered Level 1 of the Orcish Mines
  9477 | Orc:1    | Found Ympoas's Weapon Shoppe.
  9606 | Orc:2    | Entered Level 2 of the Orcish Mines
  9606 | Orc:2    | Found Nigeli's Antique Armour Boutique.
  9612 | Orc:2    | Offered knowledge of Irradiate by Vehumet.
  9627 | Orc:2    | HP: 19/70 [orc warrior/enchanted war axe (22)]
  9723 | Orc:1    | You fall through a shaft!
  9730 | Orc:2    | Found a staircase to the Elven Halls.
  9737 | Orc:2    | Found Lexzagg's Jewellery Shop.
  9746 | Orc:2    | Found Lagysk's Antique Weapon Emporium.
  9883 | Orc:2    | Found Kuonn's Book Emporium.
  9885 | Orc:2    | Noticed an orc warlord
  9919 | Orc:2    | Killed an orc warlord
  9972 | Orc:2    | HP: 28/70 [orc knight/war axe (20)]
 10040 | Orc:2    | HP: 27/70 [orc warrior/flail (15)]
 10075 | Orc:2    | Found Wuukk's Antique Weapon Boutique.
 10084 | Orc:2    | HP: 23/70 [orc priest/divine providence (13)]
 10098 | Orc:2    | HP: 20/70 [orc warrior/flail (6)]
 10280 | Orc:1    | Found a roughly hewn altar of Beogh.
 10383 | Orc:2    | Noticed Sonja
 10388 | Orc:2    | Killed Sonja
 10658 | Orc:2    | Found Zigato's Book Shop.
 10664 | Orc:2    | Reached XP level 14. HP: 76/76 MP: 29/33
 10825 | Orc:2    | Found Obushrepu's General Store.
 10826 | Orc:2    | Found Rocvaf's Magic Scroll Shoppe.
 10832 | Orc:2    | Found Ruson's Assorted Antiques.
 10862 | Orc:2    | Bought a scroll labeled TOEKOJ PEFY for 26 gold pieces
 10862 | Orc:2    | Bought a glowing pink potion for 23 gold pieces
 10869 | Orc:2    | Bought a scroll of identify for 22 gold pieces
 10869 | Orc:2    | Bought a scroll of identify for 22 gold pieces
 10869 | Orc:2    | Bought a scroll of identify for 22 gold pieces
 10870 | Orc:2    | Identified a scroll of acquirement
 10873 | Orc:2    | Upgraded the game from 0.22-a0-367-gb72a975 to 0.22-a0-368-g870eee8
 10875 | Orc:2    | Bought a scroll of magic mapping for 38 gold pieces
 10900 | Orc:2    | Bought the +3 Elemental Staff {rElec rF++ rC++ MR++ AC+5} for 2182 gold pieces
 10900 | Orc:2    | Found the +3 Elemental Staff {rElec rF++ rC++ MR++ AC+5}
 10907 | Orc:2    | Bought the ring "Oxoobaiwn" {rCorr rPois rC- Str+2} for 397 gold pieces
 10936 | Orc:2    | Bought a potion of curing for 51 gold pieces
 11112 | D:4      | Bought Sif Muna's Guide on Earthen Good Luck for 715 gold pieces
 11118 | D:4      | Learned a level 5 spell: Borgnjor's Vile Clutch
 11324 | Swamp:1  | Entered Level 1 of the Swamp
 11326 | Swamp:1  | Reached skill level 1 in Earth Magic
 11378 | Swamp:1  | Noticed Frances
 11385 | Swamp:1  | Killed Frances
 11498 | Swamp:1  | Offered knowledge of Conjure Ball Lightning by Vehumet.
 11583 | Swamp:1  | Noticed Josephine
 11585 | Swamp:1  | Killed Josephine
 11585 | Swamp:1  | Reached skill level 5 in Earth Magic
 11754 | Swamp:1  | HP: 23/76 [swamp worm (11)]
 11786 | Swamp:1  | HP: 41/114 [bog body/bolt of cold (11)]
 11789 | Swamp:1  | HP: 15/114 [spriggan rider/spear (8)]
 11794 | Swamp:1  | HP: 19/114 [spriggan rider/spear (2)]
 11801 | Swamp:1  | HP: 19/114 [vampire mosquito (2)]
 11856 | Swamp:1  | HP: 30/76 [swamp worm (12)]
 11867 | Swamp:1  | Noticed a purple very ugly thing
 11889 | Swamp:1  | Killed a purple very ugly thing
 11896 | Swamp:1  | HP: 28/76 [spriggan rider/stone (11)]
 12027 | Snake:1  | Entered Level 1 of the Snake Pit
 12172 | Lair:2   | HP: 28/76 [black mamba (11)]
 12403 | Snake:1  | Noticed Nikola
 12419 | Snake:1  | HP: 28/76 [Nikola/rapier of electrocution (9)]
 12423 | Snake:1  | Killed Nikola
 12423 | Snake:1  | Reached skill level 5 in Fighting
 12425 | Snake:1  | HP: 15/79 [poisoned by an adder]
 12435 | Snake:1  | HP: 14/79 [poisoned by an adder]
 12442 | Snake:1  | HP: 14/79 [poisoned by an adder]
 12447 | Snake:1  | HP: 13/79 [poisoned by an adder]
 12639 | Elf:1    | Entered Level 1 of the Elven Halls
 12663 | Elf:1    | HP: 14/80 [deep elf archer/arrow (26)]
 12703 | Elf:1    | Found a radiant altar of Vehumet.
 12720 | Elf:1    | Reached skill level 15 in Dodging
 12768 | Elf:1    | Noticed a deep elf elementalist
 12823 | Elf:1    | Killed a deep elf elementalist
 12827 | Elf:1    | Noticed a deep elf sorcerer
 12829 | Elf:1    | HP: 31/80 [deep elf mage/lance of force (20)]
 12833 | Elf:1    | Cast into level 2 of the Abyss (a deep elf sorcerer)
 12996 | Abyss:2  | Noticed a tentacled starspawn
 13006 | Abyss:2  | Killed a tentacled starspawn
 13006 | Abyss:2  | Reached skill level 1 in Shields
 13021 | Abyss:2  | Reached XP level 15. HP: 84/84 MP: 20/35
 13061 | Abyss:2  | Noticed a tentacled starspawn
 13209 | Abyss:2  | Noticed an ancient lich
 13252 | Abyss:2  | Noticed a tentacled starspawn
 13263 | Abyss:2  | Noticed a bone dragon
 13272 | Abyss:2  | HP: 32/84 [tentacled starspawn (20)]
 13274 | Abyss:2  | HP: 1/84 [large abomination (19)]
 13276 | Abyss:2  | Slain by a starspawn tentacle

Vault maps used:
D:1:      sevenhm_arrival_forest_fort_small_4, serial_park_tiny_2, minivault_24
D:2:      lemuel_coloured_pillars_altar, old_standard_altar
D:3:      lemuel_round_altar, serial_park_tiny_2
D:4:      nicolae_qazlal_eye_of_the_storm, first_ration, serial_shops,
          shop_fountains, hangedman_decor_growths
D:5:      nemelex_altar_shiori
D:6:      elyvilon_altar_4, kennysheep_mini_moat, zin_angel,
          minmay_temple_entry_crystal_x
D:7:      cheibrodos_quashed, kennysheep_little_box
D:8:      erik_lair_dragon, uniq_maurice
D:9:      nicolae_overflow_crystal_walls, lemuel_doored_altar,
          minmay_orc_entry_temple_small, david_nohive_1,
          introduction_to_nature_2
Temple:   minmay_temple_curvy_loop
Lair:2:   nicolae_swamp_entry_splash_gauntlet, minmay_snake_entry_spellcaster,
          beast_lair_carwin_11
Lair:3:   st_stairs_10, minivault_19, lemuel_fruit_fields
Lair:4:   serial_bayou_pond_c, hangedman_lair_generics_rect
Lair:5:   minmay_stone_trees_small, hangedman_lair_unloving_vines,
          infiniplex_staircase_pool_2
Lair:6:   cheibrodos_lair_end_hotspot, dpeg_slime_entry_corner, special_room
Swamp:1:  serial_swamp_ruin, evilmike_swamp_ruin_house_4,
          evilmike_swamp_ruin_house_3, uniq_kirke, uniq_frances, uniq_josephine
Swamp:2:  evilmike_swamp_ruin_wall, swamp_pool2
Snake:1:  serial_shops, nicolae_shop_crystal, grunt_ministairs_6,
          minmay_snake_pond, grunt_megastairs_2, minmay_shop_grove, uniq_nikola
Orc:1:    serial_shops, nicolae_shop_crystal, mines1_david
Orc:2:    grunt_orc_gardens, grunt_orc_garden, grunt_orc_garden,
          grunt_orc_garden, grunt_orc_garden, serial_shops,
          nicolae_shop_window_shopping, shop, shop_scrolls, shop_coins,
          nicolae_shop_overgrown_old_shop, uniq_sonja
Elf:1:    eino_elf_arrival_altar, serial_shops, shop, hangedman_elf_represent

Skill      XL: |  1  2  3  4  5  6  7  8  9 10 11 12 13 14 15 |
---------------+----------------------------------------------+-----
Stealth        | 1 2 3 4 5 |  5.1
Fighting       | 2 3 4 6 |  6.0
Evocations     | 1 2 3 4 5 7 8 |  8.3
Staves         | 4 5 |  5.0
Spellcasting   | 1 5 6 10 11 12 13 14 | 14.5
Conjurations   | 2 4 5 6 8 11 12 | 12.0
Fire Magic     | 2 4 5 6 8 |  8.2
Dodging        | 4 8 11 14 15 | 15.1
Summonings     | 3 4 |  4.1
Air Magic      | 3 4 |  4.0
Charms         | 1 |  1.0
Necromancy     | 2 4 |  4.0
Earth Magic    | 9 |  9.0
Shields        | 2 3 |  3.1
Throwing       | |  2.0

Action                   |  1- 3 |  4- 6 |  7- 9 | 10-12 | 13-15 || total
-------------------------+-------+-------+-------+-------+-------++-------
Melee: Quarterstaff      |    62 |    94 |   168 |    95 |   116 ||   535
       Staff             |       |       |       |       |   187 ||   187
Throw: Stone             |       |       |       |    17 |       ||    17
       Throwing net      |       |       |       |       |     3 ||     3
 Cast: Throw Flame       |       |       |     9 |    20 |    19 ||    48
       Sticky Flame      |       |       |     6 |    62 |    45 ||   113
       Conjure Flame     |       |       |     7 |    15 |     1 ||    23
       Summon Lightning  |       |       |       |    41 |    39 ||    80
       Animate Skeleton  |       |       |       |    33 |    13 ||    46
       Regeneration      |       |       |       |    22 |    29 ||    51
       Fireball          |       |       |       |    28 |    22 ||    50
       Animate Dead      |       |       |       |    15 |    19 ||    34
       Orb of Destructio |       |       |       |     9 |    41 ||    50
       Blink             |       |       |       |     1 |    12 ||    13
       Borgnjor's Vile C |       |       |       |       |    38 ||    38
Invok: Lesser Healing    |       |       |    11 |       |       ||    11
Evoke: Wand              |     1 |    10 |    40 |    52 |    45 ||   148
       Fan of gales      |       |       |       |       |     2 ||     2
  Use: Scroll            |       |     6 |    10 |     7 |    11 ||    34
       Potion            |       |       |     2 |     2 |     9 ||    13
 Stab: Sleeping          |     2 |     1 |     9 |       |       ||    12
       Paralysed         |       |       |       |     9 |    38 ||    47
       Distracted        |       |       |       |     2 |     4 ||     6
       Petrified         |       |       |       |       |     6 ||     6
  Eat: Ration            |       |     1 |     2 |     1 |     7 ||    11
       Chunk             |       |       |     2 |    28 |    17 ||    47
Armor: Leather armour    |    13 |    17 |       |       |       ||    30
       Robe              |       |     3 |    29 |    37 |    52 ||   121
       Skin              |       |       |     3 |       |    60 ||    63
Dodge: Dodged            |    38 |    62 |   125 |   113 |   404 ||   742

Table legend:
 A = Spawn XP
 B = Non-spawn XP
 C = Spawn XP percentage of total XP
 D = Spawn monster count
 E = Non-spawn monster count
 F = Spawn count percentage of total count
 G = Total turns spent on level
                    A         B        C        D         E        F      G
               +---------+---------+-------+---------+---------+-------+---------
         Total |    4394 |  101658 |   4.1 |      10 |     492 |   2.0 | 13276
               +---------+---------+-------+---------+---------+-------+---------
           D:1 |       0 |      21 |   0.0 |       0 |      11 |   0.0 |   183
           D:2 |       0 |       6 |   0.0 |       0 |       3 |   0.0 |   190
           D:3 |       0 |      48 |   0.0 |       0 |       9 |   0.0 |   341
           D:4 |       0 |     293 |   0.0 |       0 |       7 |   0.0 |   565
           D:5 |       0 |     103 |   0.0 |       0 |       8 |   0.0 |   417
           D:6 |       0 |     551 |   0.0 |       0 |       9 |   0.0 |   573
           D:7 |       0 |     590 |   0.0 |       0 |       7 |   0.0 |   649
           D:8 |       0 |    3417 |   0.0 |       0 |      27 |   0.0 |  1099
           D:9 |       0 |    2608 |   0.0 |       0 |      42 |   0.0 |   778
        Lair:1 |       0 |    1670 |   0.0 |       0 |      13 |   0.0 |   533
        Lair:2 |       0 |    8309 |   0.0 |       0 |      37 |   0.0 |  1336
        Lair:3 |       0 |    4211 |   0.0 |       0 |      25 |   0.0 |   614
        Lair:4 |       0 |    5121 |   0.0 |       0 |      24 |   0.0 |   620
        Lair:5 |       0 |    4062 |   0.0 |       0 |      17 |   0.0 |   557
        Lair:6 |       0 |   23350 |   0.0 |       0 |      89 |   0.0 |  1674
       Swamp:1 |       0 |   14310 |   0.0 |       0 |      49 |   0.0 |   627
       Snake:1 |       0 |    8232 |   0.0 |       0 |      17 |   0.0 |   243
         Orc:1 |       0 |    1469 |   0.0 |       0 |      22 |   0.0 |   458
         Orc:2 |       0 |   12637 |   0.0 |       0 |      59 |   0.0 |  1109
         Elf:1 |       0 |    9349 |   0.0 |       0 |      14 |   0.0 |   168
       Abyss:2 |    4394 |    1301 |  77.2 |      10 |       3 |  76.9 |   443
               +---------+---------+-------+---------+---------+-------+---------
